 Dungeon Crawl Stone Soup version 0.26-a0-708-g17f3b190f9 (webtiles) character file.

Game seed: 15848588613828736055

106 ANON1729 the Caller (level 4, -1/33 HPs)
             Began as a Barachi Summoner on Oct 28, 2020.
             Hit by a boomerang thrown by an orc (5 damage)
             ... on level 3 of the Dungeon.
             The game lasted 00:07:29 (3991 turns).

ANON1729 the Caller (Barachi Summoner)              Turns: 3991, Time: 00:07:29

Health: -1/33      AC:  8    Str: 13 (16) XL:     4   Next: 84%
Magic:  5/8        EV: 13    Int: 15 (16) God:
Gold:   114        SH:  0    Dex: 10 (12) Spells: 7/8 levels left

rFire    . . .     SeeInvis .   n - +1 halberd (protect)
rCold    . . .     Faith    .   (shield currently unavailable)
rNeg     . . .     Spirit   .   a - +0 robe
rPois    .         Reflect  .   d - +2 hat
rElec    .         Harm     .   (no cloak)
rCorr    .         Rampage  .   (no gloves)
MR       .....                  (no boots)
Stlth    ++........             f - amulet of inaccuracy (curse)
HPRegen  0.11/turn              b - +4 ring of protection
MPRegen  0.11/turn              h - +6 ring of strength

@: slow
A: +LOS, swims, slowness 1, strong legs 1
a: Hop


You were on level 3 of the Dungeon.
You visited 1 branch of the dungeon, and saw 3 of its levels.

You collected 114 gold pieces.

Inventory:

Hand Weapons
 e - a +2 dagger of venom
 i - a +0 dagger
 l - a +0 spear
 n - a +1 halberd of protection (weapon)
Armour
 a - a +0 robe (worn)
 d - a +2 hat (worn)
Jewellery
 b - a +4 ring of protection (left hand)
 f - a cursed amulet of inaccuracy (around neck)
 h - a +6 ring of strength (right hand)
 s - an uncursed ring of ice
Scrolls
 c - a scroll of enchant armour {unknown}
 g - a scroll of enchant weapon {unknown}
 j - 2 scrolls of identify {unknown}
 m - a scroll of immolation {unknown}
 q - a scroll of teleportation {unknown}
 r - a scroll of fear {unknown}


   Skills:
 + Level 1.8 Fighting
 + Level 3.1 Dodging
 - Level 2.1 Stealth
 + Level 2.9 Spellcasting
 * Level 5.8 Summonings


You had 7 spell levels left.
You knew the following spells:

 Your Spells              Type           Power        Failure   Level
a - Summon Small Mammal   Summ           ###.         1%          1

Your spell library contained the following spells:

 Spells                   Type           Power        Failure   Level
 Call Imp                 Summ           ###.....     2%          2
 Call Canine Familiar     Summ           ###.....     5%          3
 Summon Guardian Golem    Hex/Summ       ##......     19%         3
 Summon Ice Beast         Ice/Summ       ##......     52%         4
 Summon Lightning Spire   Summ/Air       ##......     52%         4


Dungeon Overview and Level Annotations

Branches:
Dungeon (3/15)

Altars:
Dithmenos
Nemelex Xobeh
Uskayaw
Vehumet


Innate Abilities, Weirdness & Mutations

You can be seen from farther away. (+LOS)
You can swim through water.
You cover ground slowly.
You can hop short distances.


Message History

Your bat disappears in a puff of smoke!
Your quokka disappears in a puff of smoke!
An orc is nearby!
Casting: Summon Small Mammal (safe; 1% risk of failure)
Confirm with . or Enter, or press ? or * to list all spells.
The orc throws a boomerang.
The boomerang hits you but does no damage.
The weapon returns to the orc!
Casting: Summon Small Mammal (safe; 1% risk of failure)
Confirm with . or Enter, or press ? or * to list all spells.
The orc throws a boomerang.
The boomerang hits you.
* * * LOW HITPOINT WARNING * * *
The weapon returns to the orc!
The orc throws a boomerang.
The boomerang closely misses you.
The weapon returns to the orc!
Casting: Summon Small Mammal (safe; 1% risk of failure)
Confirm with . or Enter, or press ? or * to list all spells.
The orc throws a boomerang.
The boomerang misses your quokka. The boomerang hits you.
You die...

......#....#.......#
.#.............#...#
#.#o...#..###.......#
#......#...#
####....#
..>.>......#### .#..#
..###r#......###....#
#. #...........##..#
##........#..#...
##..@......# . . .
#r)........#
#)#.r......#
#)########## #.# #o#
.........# .........#
.........#


You could see an orc, 2 friendly quokkas and a friendly rat (summoned).

Vanquished Creatures
  Terence (D:2)
  2 oozes (D:1)
  A dart slug (D:2)
  2 orcs (D:3)
  5 goblins (D:2)
  5 hobgoblins (D:2)
  6 jackals (D:1)
  2 kobolds
  A quokka (D:2)
  6 bats
  2 frilled lizards
  3 rats
36 creatures vanquished.

Vanquished Creatures (collateral kills)
  A gnoll (D:1)
  3 adders
  2 orcs (D:3)
  A bat (D:1)
  A giant cockroach (D:1)
  A goblin (D:2)
  3 hobgoblins
  2 jackals (D:1)
  3 frilled lizards
  4 kobolds
  A rat (D:2)
22 creatures vanquished.

Grand Total: 58 creatures vanquished

Notes
Turn   | Place    | Note
-------+----------+-------------------------------------------
     0 | D:1      | ANON1729 the Barachi Summoner began the quest for the Orb.
     0 | D:1      | Reached XP level 1. HP: 13/13 MP: 3/3
   396 | D:1      | Reached XP level 2. HP: 6/19 MP: 0/5
   635 | D:1      | Reached skill level 5 in Summonings
  1122 | D:1      | Reached XP level 3. HP: 22/25 MP: 6/6
  1583 | D:2      | Reached skill level 1 in Fighting
  2293 | D:2      | Found a hide-covered altar of Uskayaw.
  2302 | D:2      | Found a shadowy altar of Dithmenos.
  2779 | D:2      | Noticed Terence
  2790 | D:2      | Killed Terence
  2790 | D:2      | Reached XP level 4. HP: 30/32 MP: 8/8
  3025 | D:2      | Found a radiant altar of Vehumet.
  3726 | D:3      | Found a sparkling altar of Nemelex Xobeh.
  3991 | D:3      | Hit by a boomerang thrown by an orc

Illustrated notes

Levels and vault maps discovered:
D:1:      grunt_arrival_crossed_arrows, layout_basic
D:2:      layout_loops_ring, vehumet_crystals, minitemple,
          chequers_serial_rivers_large_a, uniq_terence
D:3:      layout_rooms, nemelex_xobeh_ov_fountains_minmay

Skill      XL: |  1  2  3  4 |
---------------+-------------+-----
Stealth        | 2 |  2.1
Summonings     | 5 |  5.8
Fighting       | 1 |  1.8
Dodging        | 3 |  3.1
Spellcasting   | |  2.9

Action                   |  1- 3 |  4- 6 || total
-------------------------+-------+-------++-------
Melee: Dagger            |    32 |       ||    32
       Unarmed           |     7 |       ||     7
       Spear             |    36 |       ||    36
       Halberd           |   120 |   100 ||   220
 Cast: Summon Small Mamm |    48 |    21 ||    69
 Abil: Hop               |     1 |       ||     1
  Use: Potion            |       |     5 ||     5
 Stab: Distracted        |     2 |       ||     2
       Sleeping          |     1 |     3 ||     4
Armor: Robe              |    84 |    46 ||   130
Dodge: Dodged            |   205 |   103 ||   308

Table legend: (Time is in decaauts)
 A = Elapsed time spent in this place.
 B = Non-inter-level travel time spent in this place.
 C = Inter-level travel time spent in this place.
 D = Time resting spent in this place.
 E = Time spent auto-exploring this place.
 F = Levels seen in this place.
 G = Mean time per level.
                   A        B        C        D        E       F      G
               +--------+--------+--------+--------+--------+-----+--------+
         Total |   4416 |   4264 |    152 |   1238 |   1982 |   3 | 1472.0 |
       Dungeon |   4416 |   4264 |    152 |   1238 |   1982 |   3 | 1472.0 |
               +--------+--------+--------+--------+--------+-----+--------+

Top non-repeatable levels by time:
     D:2: 2544 daAuts
     D:1: 1662 daAuts
     D:3: 209 daAuts
